Map: Scythe of Amon

Players

KOTIK

  • Race: Terran Terran
  • Spawn Location: 5:00

NamroodTuo

  • Race: Zerg Zerg

VOD

Have the link to the VOD?

Description

Time

  • Played on: June 5, 2023, 8:20 a.m.
  • Length: 10:50
Show
View Real Time Build Order
Export as new Build Order

KOTIK Terran 

Build Orders:  

Get SALT Encoding   

  12  0:05  SCV  
  13  0:22  SCV  
  14  0:39  SCV  
  15  0:57  Supply Depot  
  15  1:13  Refinery  
  15  1:27  SCV  
  15  1:28  Barracks  
  16  1:44  SCV  
  17  1:51  Engineering Bay  
  17  1:55  Refinery  
  17  2:01  SCV  
  18  2:18  SCV  
  19  2:26  Bunker  
  19  2:32  Bunker  
  19  2:35  SCV, Marine  
  21  2:52  SCV  
  22  3:09  SCV  
  23  3:16  Terran Infantry Weapons Level 1  
  23  4:25  Marine  
  23  4:41  Barracks  
  23  4:54  Bunker  
  23  5:21  Barracks  
  23  5:32  Barracks Tech Lab  
  23  5:39  Supply Depot  
  23  5:46  Supply Depot  
  23  6:08  Marine x3  
  23  6:09  SCV  
  27  6:12  Supply Depot  
  27  6:17  Supply Depot  
  27  6:21  Marine  
  27  6:24  Supply Depot  
  27  6:26  SCV, Medic  
  31  6:33  Marine  
  32  6:43  SCV  
  32  6:46  Marine  
  32  6:48  Medic  
  32  6:49  Marine  
  36  6:56  Supply Depot  
  36  6:58  Marine  
  38  7:26  SCV  
  38  7:28  Supply Depot  
  34  7:43  SCV  
  30  8:00  SCV  
  30  8:09  Marine  
  31  8:11  Marine  
  31  8:16  Marine  
  33  8:21  Marine  
  33  8:23  Marine  
  35  8:35  Medic  
  37  8:46  SCV  
  34  9:03  SCV  
  26  9:21  Marine  
  26  9:24  Marine  
  26  9:25  Marine  
  29  9:34  Marine  
  29  9:40  Marine  
  29  9:41  Marine  
  29  9:46  Marine  
  21  9:53  Marine x2  
  14  10:05  Marine  
Show
View Real Time Build Order
Export as new Build Order

NamroodTuo Zerg 

Build Orders:  

Get SALT Encoding   

  12  0:19  Infested Barracks  
  12  0:25  Infested SCV  
  13  0:32  Infested SCV  
  13  0:39  Infested SCV  
  15  0:51  Overlord  
  15  1:18  Infested SCV  
  16  1:21  Infestation Level 1  
  16  1:25  Infested SCV  
  17  1:34  Infested SCV  
  17  1:39  Infested SCV  
  19  1:42  Infested SCV  
  20  1:53  Overlord  
  20  2:02  Infested Refinery  
  20  2:08  Infested Refinery  
  20  2:11  Infested SCV  
  21  2:29  Infested SCV  
  22  2:49  Infested SCV  
  23  3:02  Infested Bunker  
  27  3:21  Anaerobic Enhancement  
  27  3:26  Infested Barracks Tech Lab  
  27  3:51  Infested Marine x4  
  29  4:31  Infested SCV x2  
  29  4:37  Infested Engineering Bay  
  29  5:00  Overlord  
  29  5:01  Overlord, Infested SCV  
  29  5:02  Infested SCV  
  31  5:10  Retinal Augmentation  
  31  5:17  Infested Missile Turret  
  31  5:27  Infested Marine x2  
  31  5:28  Infested Marine x8  
  45  5:49  Infested Bunker  
  43  6:00  Infested SCV x2  
  45  6:10  Plagued Munitions  
  45  6:14  Broodling Gestation  
  45  6:19  Stukov Infantry Weapons Level 1  
  45  6:40  Infested Marine  
  45  6:41  Infested Marine  
  45  6:47  Overlord  
  45  6:48  Overlord  
  38  7:33  Infested Marine  
  38  7:34  Infested Marine x7  
  38  7:35  Infested Marine x12  
  57  7:44  Infestation Level 2  
  45  8:15  Infested Marine  
  45  8:16  Infested Marine x7  
  51  8:24  Infested Bunker  
  43  8:57  Infested Marine x6  
  43  8:58  Infested Marine x2  
  29  9:20  Infested Marine  
  29  9:21  Infested Marine x4  
  24  9:49  Infested Barracks  
Tags
 
Commander
RaynorStukov
Matchup
Co-op
Replay Pack
Multiplayer
Add a new tag
Caveats
  • Supply blocks, unpowered buildings, or Contaminate may cause inaccurate times.
  • Supply counts are checked every 10 seconds.